 Dungeon Crawl Stone Soup version 0.28-a0-1235-g7c8fac35f0 (webtiles) character file.

Game seed: 9673953755993827656

37 MacCMillion the Chiller (level 3, 31/31 HPs)
             Began as a Troll Ice Elementalist on Dec 25, 2021.
             Quit the game on level 2 of the Dungeon.
             The game lasted 00:02:31 (919 turns).

MacCMillion the Chiller (Troll Ice Elementalist)     Turns: 919, Time: 00:02:32

Health: 31/31      AC:  4    Str: 18    XL:     3   Next: 21%
Magic:  4/4        EV: 10    Int: 11    God:
Gold:   68         SH:  0    Dex: 10    Spells: 1/5 levels left

rFire   . . .      SeeInvis .   (no weapon)
rCold   . . .      Faith    .   (no shield)
rNeg    . . .      Spirit   .   a - +0 robe
rPois   .          Reflect  .   (helmet restricted)
rElec   .          Harm     .   (no cloak)
rCorr   .          Rampage  .   (gloves unavailable)
Will    .....                   (boots unavailable)
Stlth   +.........              (no amulet)
HPRegen 0.90/turn               (no ring)
MPRegen 0.09/turn               (no ring)

@: no status effects
A: large, unfitting armour, claws 3, regeneration 1, shaggy fur 1, tough skin 1
a: no special abilities


You were on level 2 of the Dungeon.
You visited 1 branch of the dungeon, and saw 2 of its levels.

You collected 68 gold pieces.

Inventory:

Armour
 a - a +0 robe (worn)
Jewellery
 b - an amulet of regeneration
Scrolls
 d - a scroll of enchant armour {unknown}
 e - 4 scrolls of identify {unknown}
Potions
 c - 4 potions of curing {unknown}


   Skills:
 + Level 0.0 Fighting
 - Level 2.0 Dodging
 - Level 1.3 Stealth
 * Level 0.1 Unarmed Combat
 - Level 1.5 Spellcasting
 - Level 3.1 Ice Magic


You had one spell level left.
You knew the following spells:

 Your Spells              Type           Power      Damage    Failure   Level
a - Freeze                Ice            28%        1d5       9%          1
b - Frozen Ramparts       Ice            14%        1d3       24%         3

Your spell library contained the following spells:

 Spells                   Type           Power      Damage    Failure   Level
 Ozocubu's Armour         Ice            7%         N/A       24%         3
 Hailstorm                Conj/Ice       4%         3d4       85%         4


Dungeon Overview and Level Annotations

Branches:
Dungeon (2/15)

Altars:


Innate Abilities, Weirdness & Mutations

You are too large for most types of armour.
You have claws for hands.
Your natural rate of healing is unusually fast.
You are covered in fur. (AC +1)
You have tough skin. (AC +1)


Message History

No target in view!
No target in view!
You see here a giant cockroach corpse.
You now have 68 gold pieces (gained 10).
There is a faded altar of an unknown god here.
You see here a scroll of immolation.
You see here 29 stones.
You see here a +0 club.
Done exploring.
Done exploring.
This spell is quite dangerous to cast!
Memorise Frozen Ramparts, consuming 3 spell levels and leaving 1?
You start memorising the spell.
You continue memorising. x3
You finish memorising.
Spell assigned to 'b'.
Unknown command.
Done exploring.
Done exploring.
Done exploring.
Done exploring.
You open the door.
There is an open door here.
There is an open door here.
There is a stone staircase leading down here.
You climb downwards.
There is a stone staircase leading up here.
There is a stone staircase leading up here.
c - 4 grey potions (gained 1)
A rat comes into view.
A rat is nearby!
A rat is nearby!
A quokka comes into view.
You see here a bubbling emerald potion.
You closely miss the quokka. The quokka closely misses you.
You claw the quokka!
You kill the quokka!
The rat bites you but does no damage.
You see here a quokka corpse.
You claw the rat!
You kill the rat!
Are you sure you want to abandon this character and quit the game? (Confirm with "yes".)

#..# #..# #..# #..# #..#
#..# ######..###.#
#.....!.@...#
#########.####..........
..........# #.####.####
########### #.# # #..
###


There were no monsters in sight!

Vanquished Creatures
  4 dart slugs (D:1)
  A bat (D:1)
  An endoplasm (D:1)
  2 giant cockroaches (D:1)
  4 goblins (D:1)
  5 hobgoblins (D:1)
  A quokka (D:2)
  3 ball pythons (D:1)
  A frilled lizard (D:1)
  A kobold (D:1)
  3 rats
26 creatures vanquished.

Notes
Turn   | Place    | Note
-------+----------+-------------------------------------------
     0 | D:1      | MacCMillion the Troll Ice Elementalist began the quest for
                  | the Orb.
     0 | D:1      | Reached XP level 1. HP: 16/16 MP: 1/1
    66 | D:1      | Reached skill level 3 in Ice Magic
   161 | D:1      | Reached XP level 2. HP: 24/24 MP: 3/3
   340 | D:1      | Found a faded altar of an unknown god.
   459 | D:1      | Reached XP level 3. HP: 31/31 MP: 4/4
   826 | D:1      | Learned a level 3 spell: Frozen Ramparts
   919 | D:2      | Quit the game

Illustrated notes

Levels and vault maps discovered:
D:1:      amcnicky_arrival_single_pillar, layout_loops_corners,
          hellmonk_ecumenical_altar_blasted, minmay_small_reverse_x
D:2:      layout_loops_ring, uniq_robin

Skill      XL: |  1  2 |
---------------+-------+-----
Ice Magic      | 3 |  3.1
Dodging        | 2 |  2.0
Stealth        | |  1.3
Unarmed Combat | |  0.1
Spellcasting   | |  1.5

Action                   || total
-------------------------++-------
Melee: Unarmed           ||    76
 Stab: Sleeping          ||     3
Armor: Robe              ||    31
Dodge: Dodged            ||    37

Table legend: (Time is in decaauts)
 A = Elapsed time spent in this place.
 B = Non-inter-level travel time spent in this place.
 C = Inter-level travel time spent in this place.
 D = Time resting spent in this place.
 E = Time spent auto-exploring this place.
 F = Levels seen in this place.
 G = Mean time per level.
                   A        B        C        D        E       F      G
               +--------+--------+--------+--------+--------+-----+--------+
         Total |    918 |    893 |     25 |      0 |    715 |   2 |  459.0 |
       Dungeon |    918 |    893 |     25 |      0 |    715 |   2 |  459.0 |
               +--------+--------+--------+--------+--------+-----+--------+

Top non-repeatable levels by time:
     D:1: 852 daAuts
     D:2: 66 daAuts
